 Dungeon Crawl Stone Soup version 0.23-a0-97-g66d73a1 (webtiles) character file.

9902 galech the Cleaver (level 11, -11/89 HPs)
             Began as a Demonspawn Berserker on Aug 17, 2018.
             Was a High Priest of Trog.
             Mangled by an orc knight
             ... wielding a +0 dire flail
              (13 damage)
             ... on level 2 of the Orcish Mines.
             The game lasted 00:20:46 (11812 turns).

galech the Cleaver (Demonspawn Berserker)          Turns: 11812, Time: 00:20:47

Health: -11/89     AC: 29    Str: 17    XL:     11   Next: 29%
Magic:  7/7        EV:  7    Int: 14    God:    Trog [*****.]
Gold:   1418       SH:  0    Dex: 21    Spells: 10/10 levels left

rFire    . . .     SeeInvis .   I - +3 executioner's axe (antimagic)
rCold    + . .     Gourm    +   (shield currently unavailable)
rNeg     . . .     Faith    .   P - +1 plate armour {rC+}
rPois    +         Spirit   .   J - +3 hat of Pondering {ponderous, MR+ MP+10 Int+5}
rElec    .         Reflect  .   N - +0 cloak
rCorr    .         Harm     .   C - +0 pair of gloves
MR       +++..                  f - +0 pair of boots
Stlth    ..........             y - amulet of the gourmand
HPRegen  1.24/turn              O - +5 ring of dexterity
MPRegen  0.10/turn              s - ring of poison resistance

@: sanguine armour, berserk cooldown, regenerating, slowed, heavily drained,
very slow
A: hooves 1, demonic guardian 1, rot immunity, sanguine armour 2
a: Berserk, Trog's Hand, Brothers in Arms, Renounce Religion


You were on level 2 of the Orcish Mines.
You worshipped Trog.
Trog was extremely pleased with you.
You were very full.

You visited 2 branches of the dungeon, and saw 12 of its levels.

You collected 1418 gold pieces.

Inventory:

Hand Weapons
 I - a +3 antimagic executioner's axe (weapon)
Armour
 f - a +0 pair of boots (worn)
 C - a +0 pair of gloves (worn)
 D - a +0 shield
 J - the +3 hat of Pondering (worn) {ponderous, MR+ MP+10 Int+5}
   (You took it off Gastronok on level 8 of the Dungeon)

   It affects your intelligence (+5).
   It affects your resistance to hostile enchantments.
   It affects your magic capacity (+10).
 N - a +0 cloak (worn)
 P - a +1 plate armour of cold resistance (worn)
Jewellery
 i - an uncursed ring of see invisible
 m - an uncursed amulet of magic regeneration
 s - a ring of poison resistance (right hand)
 y - an amulet of the gourmand (around neck)
 E - an uncursed ring of positive energy
 O - a +5 ring of dexterity (left hand)
Wands
 d - a wand of acid (9)
 p - a wand of paralysis (12)
 v - a wand of flame (6)
 L - a wand of enslavement (7)
Scrolls
 a - a scroll of torment
 b - 3 scrolls of identify
 k - 3 scrolls of remove curse
 o - 4 scrolls of amnesia
 t - 4 scrolls of blinking
 u - 5 scrolls of teleportation
 x - 2 scrolls of enchant weapon
 z - a scroll of fear
 A - a scroll of immolation {unknown}
 B - a scroll of fog {unknown}
 F - 3 scrolls of magic mapping {unknown}
 K - a scroll of random uselessness {unknown}
Potions
 e - 4 potions of might {unknown}
 g - 3 potions of brilliance {unknown}
 h - a potion of berserk rage {unknown}
 j - 2 potions of agility {unknown}
 l - 4 potions of heal wounds {unknown}
 n - a potion of invisibility {unknown}
 q - 6 potions of curing {unknown}
 r - 3 potions of mutation {unknown}
 w - 2 potions of flight {unknown}
 H - 2 potions of ambrosia {unknown}
Comestibles
 c - 27 rations


   Skills:
 + Level 9.0(7.7) Fighting
 + Level 12.1(10.7) Axes
 + Level 7.3(6.0) Armour
 + Level 3.7(2.6) Dodging
 + Level 1.2(0.1) Stealth


You had 10 spell levels left.
You didn't know any spells.
Your spell library was empty.

Dungeon Overview and Level Annotations

Branches:
Dungeon (10/15)            Temple (0/1) D:6            Lair (0/6) D:10
    Orc (2/2) D:10
    Elf: Orc:2

Altars:
Ashenzari
Cheibriados
Dithmenos
Kikubaaqudgha
Nemelex Xobeh
Sif Muna
Trog
Uskayaw
Vehumet
Wu Jian
Yredelemnul
Zin
Beogh

Shops:
D:9 (


Innate Abilities, Weirdness & Mutations

You have large cloven feet.
A weak demonic guardian rushes to your aid.
You are immune to rotting.
When seriously injured, your bleeding wounds create thick armour. (AC +9)


Message History

Your plate armour prevents you from hitting the orc priest.
The orc priest barely misses you.
The orc knight hits you but does no damage.
The orc priest hits you but does no damage.
The orc knight hits you with a dire flail!
* * * LOW HITPOINT WARNING * * *
You slash the orc knight!
The orc knight is almost dead.
You slash the orc priest!
You kill the orc priest!
Trog accepts your kill.
The orc knight hits you but does no damage.
The orc knight hits you with a dire flail.
* * * LOW HITPOINT WARNING * * *
Your plate armour prevents you from hitting the orc knight.
The orc knight is almost dead.
The orc knight hits you with a dire flail!
* * * LOW HITPOINT WARNING * * *
The orc knight hits you with a dire flail!
You die...

############################## .
##..#..#.##.##..#.....##....#..
..#...[..........................
.....)(.((.<.....................
......)[(.........<..............
............(....................
.............................#.#.
............#...............#....
................@o..........#....
................))...............
#.........................#......
#.............................))#
##............................).)
..................#.....<....).#
.......#........................
...............................
................3.............


You could see an orc knight.

Vanquished Creatures
  Gastronok (D:8)
  A two-headed ogre (D:10)
  An orc knight (Orc:2)
  Joseph (D:8)
  2 trolls
  A wyvern (D:9)
  A human (D:8)
  3 hogs (D:8)
  4 wargs
  A swamp drake (D:10)
  12 orc warriors
  3 ogres
  A sky beast (D:10)
  2 black bears (D:6)
  A centaur (D:8)
  3 big kobolds
  4 bullfrogs
  A water moccasin skeleton (D:7)
  7 wights
  3 howler monkeys (D:7)
  A bullfrog zombie (D:10)
  4 crimson imps
  7 hounds
  A quasit (D:10)
  2 jellies (D:9)
  16 orc priests
  A bullfrog skeleton (D:5)
  Natasha (D:3)
  Terence (D:3)
  3 iguanas
  18 orc wizards
  5 worker ants
  2 hound skeletons
  2 worker ant zombies
  4 gnolls (D:8)
  15 adders
  An ooze (D:3)
  2 adder skeletons
  A worm (D:5)
  A dart slug (D:5)
  8 leopard geckos
  62 orcs
  8 giant cockroaches
  8 hobgoblins
  16 jackals
  30 kobolds
  2 quokkas
  12 bats
  8 frilled lizards
  5 goblins
  A quokka skeleton (D:6)
  2 rats (D:1)
  18 plants (D:5)
321 creatures vanquished.

Vanquished Creatures (collateral kills)
  Grinder (D:5)
  A troll (Orc:1)
  A hippogriff (D:8)
  A yak (D:8)
  An orc warrior (D:10)
  2 sky beasts
  2 crimson imps
  3 orc priests
  2 orc wizards (Orc:1)
  6 orcs
  5 kobolds
  A plant (D:5)
26 creatures vanquished.

Vanquished Creatures (others)
  2 plants (D:5)
2 creatures vanquished.

Grand Total: 349 creatures vanquished

Notes
Turn   | Place    | Note
-------+----------+-------------------------------------------
     0 | D:1      | galech the Demonspawn Berserker began the quest for the Orb.
     0 | D:1      | Reached XP level 1. HP: 18/18 MP: 1/1
   316 | D:1      | Gained mutation: When seriously injured, your bleeding wounds create armour. (AC +9) [demonic ancestry]
   316 | D:1      | Reached XP level 2. HP: 15/24 MP: 2/2
   471 | D:1      | Reached skill level 3 in Axes
   976 | D:1      | Found a roughly hewn altar of Beogh.
   976 | D:1      | Noticed an orc warrior
  1231 | D:1      | Reached XP level 3. HP: 20/29 MP: 3/3
  1991 | D:3      | Reached ** piety under Trog
  2071 | D:3      | Gained mutation: A weak demonic guardian rushes to your aid. [demonic ancestry]
  2071 | D:3      | Reached XP level 4. HP: 29/36 MP: 4/4
  2476 | D:3      | Reached skill level 4 in Axes
  2482 | D:3      | Noticed Terence
  2483 | D:3      | Noticed Natasha
  2493 | D:3      | Killed Natasha
  2493 | D:3      | Gained mutation: You are immune to rotting. [demonic ancestry]
  2493 | D:3      | Reached XP level 5. HP: 33/41 MP: 5/5
  2494 | D:3      | Killed Terence
  3061 | D:4      | Noticed an ogre
  3068 | D:4      | Killed an ogre
  3068 | D:4      | Gained mutation: When seriously injured, your bleeding wounds create thick armour. (AC +9) [demonic ancestry]
  3068 | D:4      | Reached XP level 6. HP: 35/48 MP: 6/6
  3321 | D:4      | Found a radiant altar of Vehumet.
  3945 | D:5      | Entered Level 5 of the Dungeon
  3955 | D:5      | Noticed Grinder
  3991 | D:5      | Reached *** piety under Trog
  4006 | D:5      | Reached skill level 5 in Axes
  4030 | D:5      | Killed Grinder
  4030 | D:5      | Reached XP level 7. HP: 37/55 MP: 7/7
  4178 | D:5      | Found a snail-covered altar of Cheibriados.
  5576 | D:6      | Found a staircase to the Ecumenical Temple.
  5803 | D:6      | Reached skill level 6 in Axes
  5925 | D:6      | Reached **** piety under Trog
  6057 | D:6      | Reached skill level 5 in Fighting
  6347 | D:6      | Reached XP level 8. HP: 55/62 MP: 8/8
  6457 | D:6      | Found a glowing silver altar of Zin.
  6459 | D:6      | Found an ancient bone altar of Kikubaaqudgha.
  6890 | D:7      | Found a sparkling altar of Nemelex Xobeh.
  6932 | D:7      | Reached skill level 5 in Armour
  7027 | D:7      | Found a shattered altar of Ashenzari.
  7287 | D:7      | Found a hide-covered altar of Uskayaw.
  7746 | D:8      | Found a shadowy altar of Dithmenos.
  7758 | D:8      | Noticed a hippogriff
  7764 | D:8      | Killed a hippogriff
  7764 | D:8      | Reached skill level 7 in Axes
  8016 | D:8      | Gained mutation: You have large cloven feet. [demonic ancestry]
  8016 | D:8      | Reached XP level 9. HP: 62/69 MP: 9/9
  8021 | D:8      | Reached skill level 8 in Axes
  8025 | D:8      | Reached ***** piety under Trog
  8175 | D:8      | Noticed Gastronok
  8207 | D:8      | Killed Gastronok
  8207 | D:8      | Reached skill level 9 in Axes
  8207 | D:8      | Reached XP level 10. HP: 45/79 MP: 10/10
  8267 | D:8      | Found an ornate altar of the Wu Jian Council.
  8280 | D:8      | Noticed Joseph
  8295 | D:8      | Killed Joseph
  8295 | D:8      | Reached skill level 10 in Axes
  8340 | D:8      | Found a deep blue altar of Sif Muna.
  8341 | D:8      | Found a basalt altar of Yredelemnul.
  8510 | D:9      | Found Qoghaet's Antique Weapon Shop.
  8587 | D:9      | Received a gift from Trog
  8999 | D:9      | Found a bloodstained altar of Trog.
  9104 | D:10     | Entered Level 10 of the Dungeon
  9175 | D:10     | Found a staircase to the Lair.
  9412 | D:10     | Reached skill level 11 in Axes
  9811 | D:10     | Received a gift from Trog
  9834 | D:10     | Noticed a two-headed ogre
  9840 | D:10     | Killed a two-headed ogre
  9844 | D:10     | Got a polished flail {god gift}
  9845 | D:10     | Identified the +1 flail "Nituvi" {crush, Str+6} (Trog gifted it to you on level 10 of the Dungeon)
  9898 | D:10     | Found a staircase to the Orcish Mines.
  9903 | D:10     | Reached XP level 11. HP: 79/87 MP: 7/11
 10037 | D:10     | Reached skill level 1 in Stealth
 10117 | Orc:1    | Entered Level 1 of the Orcish Mines
 10502 | Orc:2    | Entered Level 2 of the Orcish Mines
 10693 | Orc:2    | Noticed an orc knight
 10716 | Orc:2    | Killed an orc knight
 11377 | Orc:2    | Reached skill level 12 in Axes
 11584 | Orc:2    | Noticed an orc knight
 11812 | Orc:2    | HP: 2/89 [orc knight/dire flail (10)]
 11812 | Orc:2    | Mangled by an orc knight

Vault maps used:
D:1:      erik_arrival_cave_to_civilisation, minmay_ruptured
D:3:      first_ration, uniq_natasha, uniq_terence
D:4:      vehumet_altar_wand_db, grunt_ministairs_7
D:5:      kennysheep_kobold_camp, serial_glass, glass_columns_b,
          glass_columns_c, kennysheep_slug_shrine, uniq_grinder
D:6:      minitemple, minmay_temple_entry_junction
D:7:      overflow_temple_1_default, basic_altar, nemelex_lonely_heart_becter
D:8:      nicolae_overflow_hidden_temple, grunt_livestock, uniq_gastronok,
          uniq_joseph
D:9:      serial_shops, shop, trog_book
D:10:     erik_lair_orcish_takeover, erik_orc_1
Orc:1:    nicolae_orc_tapped_out
Orc:2:    grunt_orc_cross, nicolae_orc_rockfall

Skill      XL: |  1  2  3  4  5  6  7  8  9 10 11 |
---------------+----------------------------------+-----
Axes           | 3 4 5 6 7 9 11 12 | 12.1
Dodging        | 2 3 |  3.7
Armour         | 2 3 4 5 6 7 |  7.3
Fighting       | 4 5 6 7 8 9 |  9.0
Stealth        | 1 |  1.2

Action                   |  1- 3 |  4- 6 |  7- 9 | 10-12 || total
-------------------------+-------+-------+-------+-------++-------
Melee: Hand axe          |   156 |   209 |   738 |       ||  1103
       War axe           |       |       |   231 |    73 ||   304
       Executioner's axe |       |       |       |   253 ||   253
Invok: Berserk           |     1 |     3 |     1 |     5 ||    10
       Trog's Hand       |       |     1 |       |     2 ||     3
  Use: Scroll            |       |       |     2 |     7 ||     9
 Stab: Sleeping          |     2 |       |       |       ||     2
       Distracted        |       |       |       |     2 ||     2
  Eat: Chunk             |     5 |     4 |    33 |    21 ||    63
       Ration            |       |     1 |     1 |       ||     2
Armor: Animal skin       |    22 |       |       |       ||    22
       Chain mail        |    45 |   146 |   157 |       ||   348
       Plate armour      |       |       |   105 |   321 ||   426
Dodge: Dodged            |   101 |    80 |   190 |   138 ||   509

Table legend:
 A = Non-vault XP
 B = Vault XP
 C = Vault XP percentage of total XP
 D = Non-vault monster count
 E = Vault monster count
 F = Vault count percentage of total count
                 A         B        C        D         E       F
            +---------+---------+-------+---------+---------+-------
      Total |    7900 |    6246 |  44.2 |     254 |      74 |  22.6
            +---------+---------+-------+---------+---------+-------
        D:1 |      33 |       9 |  21.4 |      21 |       6 |  22.2
        D:2 |      33 |       0 |   0.0 |      12 |       0 |   0.0
        D:3 |     120 |      64 |  34.8 |      20 |       2 |   9.1
        D:4 |     126 |     141 |  52.8 |      12 |       3 |  20.0
        D:5 |     185 |     260 |  58.4 |      21 |      23 |  52.3
        D:6 |     699 |       0 |   0.0 |      23 |       0 |   0.0
        D:7 |     525 |       0 |   0.0 |      16 |       0 |   0.0
        D:8 |     969 |    3497 |  78.3 |      26 |       7 |  21.2
        D:9 |    1180 |       0 |   0.0 |      31 |       0 |   0.0
       D:10 |    2179 |    1189 |  35.3 |      35 |      25 |  41.7
      Orc:1 |    1071 |       0 |   0.0 |      18 |       0 |   0.0
      Orc:2 |     780 |    1086 |  58.2 |      19 |       8 |  29.6
            +---------+---------+-------+---------+---------+-------
